 Seeded DCSS version 0.29.1-15-g9cfb28693d (webtiles) character file.

Game seed: 20230401 (custom seed)

63 AleXD21137 the Ruffian (level 4, -4/40 HPs)
             Began as a Ghoul Monk on Apr 28, 2023.
             Slain by an orc priest
             ... wielding a +0 hand axe
              (5 damage)
             ... on level 3 of the Dungeon on May 1, 2023.
             The game lasted 00:06:32 (2584 turns).

AleXD21137 the Ruffian (Ghoul Monk)                 Turns: 2584, Time: 00:06:33

Health: -4/40      AC:  2    Str: 14    XL:     4   Next: 9%
Magic:  3/3        EV: 12    Int:  7    God:
Gold:   198        SH:  0    Dex: 11    Spells: 3/3 levels left

rFire   . . .      SeeInvis .     - Unarmed
rCold   + . .      Faith    .   (no shield)
rNeg    + + +      Spirit   .   a - +0 robe
rPois   ∞          Reflect  .   (no helmet)
rElec   .          Harm     .   (no cloak)
rCorr   .          Rampage  .   (no gloves)
Will    .....                   (no boots)
Stlth   ++........              (no amulet)
HPRegen 0.00/turn               d - ring of flight
MPRegen 0.08/turn               (no ring)

@: attractive, flying, inhibited regen
A: claws 1, cold resistance 1, negative energy resistance 3, inhibited
regeneration, torment resistance 2, devour on kill
a: no special abilities


You were on level 3 of the Dungeon.
You visited 1 branch of the dungeon, and saw 3 of its levels.

You collected 198 gold pieces.

Inventory:

Armour
 a - a +0 robe (worn)
Jewellery
 d - a ring of flight (left claw)
Wands
 g - a wand of flame (19)
Scrolls
 e - 3 scrolls of identify {unknown}
 f - 3 scrolls of fear {unknown}
Potions
 b - a potion of ambrosia
 c - a potion of flight


   Skills:
 + Level 3.8 Fighting
 + Level 3.2 Dodging
 + Level 2.6 Stealth
 + Level 4.2 Unarmed Combat


You had 3 spell levels left.
You didn't know any spells.
Your spell library contained the following spells:

 Spells                   Type           Power      Damage    Failure   Level
 Apportation              Tloc           0%         N/A       43%         1
 Slow                     Hex            0%         N/A       43%         1
 Confusing Touch          Hex            0%         N/A       80%         3
 Vampiric Draining        Necr           0%         2d6       80%         3
 Alistair's Intoxication  Tmut/Pois      0%         N/A       100%        5


Dungeon Overview and Level Annotations

Branches:
Dungeon (3/15)

Altars:


Innate Abilities, Weirdness & Mutations

You are immune to poison.
You have sharp fingernails.
Your flesh is cold resistant. (rC+)
You are immune to negative energy. (rN+++)
You do not regenerate when monsters are visible.
You are immune to unholy pain and torment.
You thrive by killing the living.


Message History

The orc priest closely misses you.
An orc comes into view. It is wielding a +0 falchion.
An orc comes into view. It is wielding a +0 hand axe.
The orc priest hits you with a +0 hand axe.
Things that are here:
a +0 club; a goblin corpse You scratch the orc priest.
The orc priest is moderately wounded.
The orc priest hits you with a +0 hand axe!
The orc hits you with a +0 hand axe.
You scratch the orc priest.
The orc priest is heavily wounded.
The orc hits you but does no damage.
You scratch the orc but do no damage.
The orc priest hits you with a +0 hand axe.
The orc barely misses you. x2
It was a potion of flight.
You feel more buoyant.
The orc priest hits you with a +0 hand axe.
The orc completely misses you. x2
You barely miss the orc.
The orc priest casts a cantrip, but nothing happens.
The orc hits you with a +0 falchion!
* * * LOW HITPOINT WARNING * * *
The orc hits you with a +0 hand axe.
* * * LOW HITPOINT WARNING * * *
It was a potion of attraction.
You feel attractive to monsters. The orc priest barely misses you.
The orc hits you with a +0 falchion.
* * * LOW HITPOINT WARNING * * *
The orc barely misses you.
Aiming: Throw Flame
Press: ? - help, Shift-Dir - straight line, f - orc priest
Aim: an orc priest, wielding a +0 hand axe and wearing a +0 leather armour (heavily wounded, 68% to hit)
Okay, then.
You don't know any spells.
You don't know any spells.
You scratch the orc but do no damage.
The orc priest hits you with a +0 hand axe.
You die...

#### ####
#.#.#...# ######
##.#oo# ......
#.#o@## ......
##..##
......#######..##
......††..#...##
......###...#..#
...... #.####..#
......###.# #..#
#######...# #..#
........#.# #...


You could see an orc priest and 2 orcs.

Vanquished Creatures
  A worm (D:2)
  2 dart slugs
  3 ball pythons
  3 bats
  7 endoplasms
  3 giant cockroaches
  3 hobgoblins
  12 jackals
  A quokka (D:2)
  3 frilled lizards
  3 goblins
  2 kobolds
  5 rats
48 creatures vanquished.

Vanquished Creatures (others)
  A plant (D:1)
1 creature vanquished.

Grand Total: 49 creatures vanquished

Notes
Turn   | Place    | Note
-------+----------+-------------------------------------------
     0 | D:1      | AleXD21137 the Ghoul Monk began the quest for the Orb.
     0 | D:1      | Reached XP level 1. HP: 19/19 MP: 0/0
   158 | D:1      | Found a faded altar of an unknown god.
   350 | D:1      | Reached XP level 2. HP: 22/26 MP: 1/1
  1028 | D:1      | Reached XP level 3. HP: 13/31 MP: 2/2
  2012 | D:2      | Reached skill level 4 in Unarmed Combat
  2552 | D:3      | Reached XP level 4. HP: 40/40 MP: 3/3
  2583 | D:3      | HP: 1/40 [orc/+0 falchion (3)]
  2584 | D:3      | Slain by an orc priest

Illustrated notes

Levels and vault maps discovered:
D:1:      lightli_arrival_chessboard, layout_basic,
          shapermc_ecumenical_altar_petra
D:2:      layout_loops_ring, minmay_tromino_v4_b
D:3:      minmay_diamond_boxcup, layout_basic, nrook_loot_triangle, st_stairs_1

Skill      XL: |  1  2  3 |
---------------+----------+-----
Dodging        | 3 |  3.2
Unarmed Combat | 4 |  4.2
Fighting       | |  3.8
Stealth        | |  2.6

Action                   |  1- 3 |  4- 6 || total
-------------------------+-------+-------++-------
Melee: Unarmed           |    89 |    15 ||   104
       Punch             |     1 |       ||     1
  Use: Scroll            |     2 |       ||     2
       Potion            |     1 |     2 ||     3
 Stab: Sleeping          |     3 |       ||     3
Armor: Robe              |    21 |     2 ||    23
Dodge: Dodged            |    73 |    14 ||    87
